 Dungeon Crawl Stone Soup version 0.16.0-1-gbc1383b (webtiles) character file.

229 Esekla the Conjurer (level 5, -5/44 HPs)
             Began as a Draconian Conjurer on Mar 14, 2015.
             Was an Initiate of Gozag.
             Slain by a scorpion (6 damage)
             ... on level 4 of the Dungeon.
             The game lasted 01:16:36 (3820 turns).

Esekla the Conjurer (Draconian Conjurer)            Turns: 3820, Time: 01:16:36

Health: -5/44      AC:  5    Str: 10    XL:     5   Next: 71%
Magic:  8/11       EV: 12    Int: 17    God:    Gozag
Gold:   98         SH:  0    Dex: 11    Spells: 3 memorised, 3 levels left

rFire  . . .     SeeInvis .     x - +2 dagger (venom)
rCold  . . .     Clarity  .     (armour unavailable)
rNeg   . . .     SustAb   .     (no shield)
rPois  .         Gourm    .     (helmet restricted)
rElec  .         Spirit   .     (no cloak)
rCorr  .         Warding  .     (no gloves)
rMut   .         Rnd*Tele +     (no boots)
MR     .....                    (no amulet)
Stlth  ++........               (no ring)
                                d - ring of teleportation

@: not resistant to hostile enchantments, unstealthy
A: unfitting armour, cold-blooded, AC +5
a: Potion Petition, Call Merchant, Bribe Branch, Renounce Religion, Evoke
Teleportation


You were on level 4 of the Dungeon.
You worshipped Gozag.
Gozag was noncommittal.
You were full.

You visited 1 branch of the dungeon, and saw 4 of its levels.

You collected 191 gold pieces.
You paid 93 gold pieces to Gozag.

Inventory:

Hand weapons
 e - a +0 trident
 g - a +0 hand axe
 h - a +0 hunting sling
 i - a +0 hunting sling
 s - a +0 long sword
 x - a +2 dagger of venom (weapon)
 z - a +0 spear
Missiles
 f - 24 sling bullets
 j - 142 stones (quivered)
 k - 5 poisoned needles
 m - 89 arrows
Jewellery
 d - a ring of teleportation (left hand)
Magical devices
 B - a wand of magic darts (20)
Scrolls
 l - a scroll of teleportation
 o - a scroll of identify {unknown}
 r - a scroll of fog {unknown}
 t - a scroll of immolation {unknown}
 w - a scroll of remove curse
 y - a scroll of blinking {unknown}
Potions
 a - a potion of restore abilities {unknown}
 n - a potion of brilliance {unknown}
 p - a potion of curing {unknown}
 q - a potion of heal wounds {unknown}
 u - a potion of might {unknown}
 v - a potion of poison {unknown}
Books
 c - a book of Conjurations

   Spells                             Type                      Level
   a - Magic Dart                     Conjuration                  1
   b - Searing Ray                    Conjuration                  2
   c - Dazzling Spray                 Conjuration/Hexes            3
   d - Fulminant Prism                Conjuration/Hexes            4
   e - Iskenderun's Mystic Blast      Conjuration                  4
   f - Iskenderun's Battlesphere      Conjuration/Charms           5
Comestibles
 b - 5 bread rations


   Skills:
 + Level 2.8 Fighting
 + Level 1.0 Short Blades
 - Level 0.4 Axes
 - Level 2.0 Dodging
 - Level 2.0 Stealth
 * Level 3.1 Spellcasting
 * Level 5.0 Conjurations
   Level 1.3 Hexes


You had 3 spell levels left.
You knew the following spells:

 Your Spells              Type           Power        Failure   Level  Hunger
a - Magic Dart            Conj           ###.         2%          1    None
b - Searing Ray           Conj           ###...       3%          2    ##.....
c - Iskenderun's Mystic   Conj           ###.....     24%         4    ####...


Dungeon Overview and Level Annotations

Branches:
Dungeon (4/15)
 Temple: D:4-7

Altars:
Dithmenos
Fedhas
Gozag
Kikubaaqudgha
Nemelex Xobeh
Xom
The Shining One


Innate Abilities, Weirdness & Mutations

Your plain brown scales are hard (AC +5).
Your body does not fit into most forms of armour.
Your cold-blooded metabolism reacts poorly to cold.


Message History

Found 19 stones.
You feel sick.
You feel sick.
The worker ant bites you but does no damage.
Casting: Magic Dart
Confirm with . or Enter, or press ? or * to list all spells.
Aiming: Searing Ray
Press: ? - help, Shift-Dir - straight line, f - scorpion
Aim: a scorpion (lightly wounded)
The searing ray hits the scorpion.
The scorpion is moderately wounded.
You feel sick.
You are no longer poisoned.
The scorpion stings you!
* * * LOW HITPOINT WARNING * * *
The searing ray hits the scorpion.
The scorpion is moderately wounded.
The scorpion stings you.
You die...
Your body crumbles into a pile of gold.

#......$.#
#....
#....o...#
#....
#........#
#....
#........#
#.##.
#........#
#....
#.......(#
####.
#.a......#
#.
##s#######
#######. #@#
#....... #+#
#......#
#......#
#......#
#......#
#####......#
#..........#
#..........#
+..........#


You could see a scorpion, a worker ant and an orc.

Vanquished Creatures
  An iguana (D:4)
  A worker ant (D:4)
  4 adders
  3 gnolls (D:3)
  A giant mite (D:3)
  2 worms
  2 giant geckos
  2 oozes (D:2)
  2 orcs (D:4)
  2 ball pythons
  2 giant cockroaches
  18 goblins
  8 hobgoblins
  8 jackals (D:1)
  A quokka (D:3)
  12 bats
  4 giant newts
  6 kobolds
  11 rats
90 creatures vanquished.

Notes
Turn   | Place    | Note
--------------------------------------------------------------
     0 | D:1      | Esekla, the Draconian Conjurer, began the quest for the Orb.
     0 | D:1      | Reached XP level 1. HP: 14/14 MP: 3/3
   387 | D:1      | Reached skill level 1 in Fighting
   387 | D:1      | Reached XP level 2. HP: 21/23 MP: 4/4
   690 | D:1      | Learned a level 2 spell: Searing Ray
  1004 | D:1      | Reached XP level 3. HP: 14/28 MP: 0/6
  1067 | D:1      | Learned a level 3 spell: Dazzling Spray
  1414 | D:2      | Found a shadowy altar of Dithmenos.
  1552 | D:2      | Found a blossoming altar of Fedhas.
  1695 | D:2      | Found a sparkling altar of Nemelex Xobeh.
  1704 | D:2      | Reached skill level 1 in Hexes
  1840 | D:2      | Reached XP level 4. HP: 36/36 MP: 4/8
  2099 | D:3      | Found an opulent altar of Gozag.
  2168 | D:3      | Found a shimmering altar of Xom.
  2170 | D:3      | Found a shimmering altar of Xom.
  2170 | D:3      | Found a shimmering altar of Xom.
  2170 | D:3      | Found a shimmering altar of Xom.
  2171 | D:3      | Found a shimmering altar of Xom.
  2172 | D:3      | Found a shimmering altar of Xom.
  2177 | D:3      | Found a shimmering altar of Xom.
  2178 | D:3      | Found a shimmering altar of Xom.
  2186 | D:3      | You fall through a shaft!
  2224 | D:4      | Found an opulent altar of Gozag.
  2224 | D:4      | Found an ancient bone altar of Kikubaaqudgha.
  2500 | D:4      | Reached XP level 5. HP: 29/42 MP: 9/9
  2745 | D:4      | Learned a level 4 spell: Iskenderun's Mystic Blast
  2986 | D:3      | Found a glowing golden altar of the Shining One.
  3344 | D:3      | Reached skill level 1 in Short Blades
  3552 | D:3      | Became a worshipper of Gozag Ym Sagoz the Greedy
  3643 | D:3      | Reached skill level 5 in Conjurations
  3819 | D:4      | HP: 1/44 [scorpion (8)]
  3820 | D:4      | Slain by a scorpion

Action                   |  1- 3 |  4- 6 || total
-------------------------+-------+-------++-------
Melee: Club              |   107 |       ||   107
       Hand axe          |    13 |     8 ||    21
       Dagger            |       |    50 ||    50
       Whip              |       |     1 ||     1
Throw: Stone             |    72 |    40 ||   112
 Cast: Magic Dart        |    48 |    17 ||    65
       Searing Ray       |     6 |     6 ||    12
  Use: Scroll            |     1 |     6 ||     7
 Stab: Sleeping          |       |     3 ||     3
  Eat: Meat ration       |     1 |     2 ||     3
